 Dungeon Crawl Stone Soup version 0.20-b1-24-gb21faa7 (webtiles) character file.

93 MTVSty1e the Skirmisher (level 4, -1/41 HPs)
             Began as a Minotaur Fighter on May 25, 2017.
             Slain by Grinder (6 damage)
             ... on level 3 of the Dungeon.
             The game lasted 00:02:59 (1453 turns).

MTVSty1e the Skirmisher (Minotaur Fighter)          Turns: 1453, Time: 00:03:00

Health: -1/41      AC:  8    Str: 26    XL:     4   Next: 36%
Magic:  3/3        EV:  7    Int:  5    God:
Gold:   68         SH: 10    Dex: 10    Spells: 3/3 levels left

rFire    . . .     SeeInvis .   a - +0 war axe
rCold    . . .     Gourm    .   c - +0 shield
rNeg     . . .     Faith    .   b - +0 scale mail
rPois    .         Spirit   .   (helmet restricted)
rElec    .         Reflect  .   j - +0 cloak
rCorr    .         Harm     .   (no gloves)
MR       .....                  (no boots)
Stlth    ..........             (no amulet)
Regen    0.2/turn               (no ring)
MPRegen  0.1/turn               (no ring)

@: mighty
A: retaliatory headbutt, horns 2
a: no special abilities


You were on level 3 of the Dungeon.
You were not hungry.

You visited 1 branch of the dungeon, and saw 3 of its levels.

You collected 68 gold pieces.

Inventory:

Hand Weapons
 a - a +0 war axe (weapon)
Armour
 b - a +0 scale mail (worn)
 c - a +0 shield (worn)
 j - a +0 cloak (worn)
Scrolls
 e - 5 scrolls of remove curse {unknown}
 g - a scroll of amnesia {unknown}
 l - 3 scrolls of recharging {unknown}
 m - a scroll of noise {unknown}
 o - a scroll of enchant weapon {unknown}
 q - a scroll of teleportation {unknown}
 r - a scroll of identify {unknown}
Potions
 h - a potion of magic {unknown}
 i - 2 potions of haste {unknown}
 n - a potion of ambrosia {unknown}
Comestibles
 f - a bread ration
 k - 2 fruits
 p - a royal jelly


   Skills:
 * Level 4.9 Fighting
 + Level 3.4 Axes
 + Level 4.3 Armour
 + Level 4.1 Shields


You had 3 spell levels left.
You didn't know any spells.

Dungeon Overview and Level Annotations

Branches:
Dungeon (3/15)

Altars:

Annotations:
D:3 Grinder


Innate Abilities, Weirdness & Mutations

You reflexively headbutt those who attack you in melee.
You have a pair of horns on your head.


Message History

You barely miss Grinder. Grinder hits you.
You barely miss Grinder. You block Grinder's attack. Grinder hits you!
You writhe in agony.
You are too injured to fight recklessly!
You closely miss Grinder. You block Grinder's attack.
You closely miss Grinder. You headbutt Grinder.
Grinder is lightly wounded.
Grinder hits you but does no damage. You block Grinder's attack.
You barely miss Grinder.
Grinder is lightly wounded.
Grinder closely misses you.
You barely miss Grinder. Your headbutt misses Grinder.
Grinder is lightly wounded.
Grinder gestures at you. Pain shoots through your body!
* * * LOW HITPOINT WARNING * * *
You slash Grinder!
Grinder is moderately wounded.
Grinder hits you.
You die...

######## #......# .. .#
##......####.##### ....
................. ...#
#............. ..###
####5####.### .>...
.#...@.......#
######.###.##.##.####.#.#
#<.............#.# #
#.......##.#.(...####.#
#.####..##.#.#........#
'...##..##.#.#.######.#
#.#####.##)#.#.# #.#
#.##.#.#.# #.# #.##.#.#.#


You could see Grinder.

Vanquished Creatures
  2 adders (D:2)
  6 worms (D:2)
  A dart slug (D:2)
  2 leopard geckos
  7 giant cockroaches
  7 goblins
  2 hobgoblins
  4 jackals (D:1)
  A ball python (D:1)
  3 bats
  3 frilled lizards
  8 kobolds
  8 rats
54 creatures vanquished.

Notes
Turn   | Place    | Note
-------+----------+-------------------------------------------
     0 | D:1      | MTVSty1e the Minotaur Fighter began the quest for the Orb.
     0 | D:1      | Reached XP level 1. HP: 19/19 MP: 0/0
    85 | D:1      | Reached XP level 2. HP: 27/27 MP: 1/1
   326 | D:1      | Reached XP level 3. HP: 29/34 MP: 2/2
   886 | D:2      | Reached XP level 4. HP: 37/41 MP: 3/3
  1435 | D:3      | Noticed Grinder
  1453 | D:3      | Slain by Grinder

Skill      XL: |  1  2  3 |
---------------+----------+-----
Fighting       | 4 |  4.9
Shields        | 4 |  4.1
Axes           | 3 |  3.4
Armour         | 4 |  4.3

Action                   |  1- 3 |  4- 6 || total
-------------------------+-------+-------++-------
Melee: War axe           |    96 |    31 ||   127
       Headbutt          |    10 |     4 ||    14
  Use: Potion            |       |     1 ||     1
  Eat: Meat ration       |       |     1 ||     1
Armor: Scale mail        |    32 |     7 ||    39
Dodge: Dodged            |    20 |    10 ||    30
Block: Shield            |    46 |    14 ||    60
